 Dungeon Crawl Stone Soup version 0.26.1-11-gd32895ea62 (webtiles) character file.

Game seed: 14053312167984585287

251 DearestLeader the Grasshopper (level 6, 0/50 HPs)
             Began as a Gnoll Warper on Apr 14, 2021.
             Slain by Blork the orc
             ... wielding a +0 glaive
              (8 damage)
             ... on level 4 of the Dungeon.
             The game lasted 00:04:55 (3242 turns).

DearestLeader the Grasshopper (Gnoll Warper)        Turns: 3242, Time: 00:04:56

Health: 0/50       AC:  4    Str: 15    XL:     6   Next: 13%
Magic:  13/13      EV: 15    Int: 15    God:
Gold:   89         SH:  0    Dex: 15    Spells: 7/15 levels left

rFire    . . .     SeeInvis .   y - +1 short sword (elec)
rCold    . . .     Faith    .   (no shield)
rNeg     . . .     Spirit   .   E - +1 robe {Will+}
rPois    .         Reflect  .   (no helmet)
rElec    .         Harm     .   c - +0 cloak
rCorr    .         Rampage  .   (no gloves)
Will     +....                  (no boots)
Stlth    ++........             r - amulet of magic regeneration
HPRegen  0.16/turn              (no ring)
MPRegen  0.38/turn              (no ring)

@: lethally poisoned (0 -> -1)
A: distributed training, fangs 1, strong nose
a: no special abilities


You were on level 4 of the Dungeon.
You visited 1 branch of the dungeon, and saw 4 of its levels.

You collected 89 gold pieces.

Inventory:

Hand Weapons
 a - a +0 hand axe
 y - a +1 short sword of electrocution (weapon)
 D - a +0 hunting sling
Missiles
 e - 5 boomerangs of dispersal (quivered)
 l - 11 poisoned darts
 m - 39 sling bullets
 n - 15 arrows
Armour
 b - a +0 leather armour
 c - a +0 cloak (worn)
 p - a +0 chain mail
 s - a +0 scale mail
 w - a +0 kite shield
 E - a +1 robe of willpower (worn)
Jewellery
 r - an amulet of magic regeneration (around neck)
 B - an uncursed amulet of guardian spirit {unknown}
Wands
 C - a wand of random effects (23)
Scrolls
 d - a scroll of blinking
 g - 2 scrolls of fear {unknown}
 i - 2 scrolls of enchant weapon {unknown}
 j - a scroll of enchant armour {unknown}
 q - 2 scrolls of remove curse {unknown}
 v - a scroll of random uselessness {unknown}
 x - a scroll of noise {unknown}
 z - 3 scrolls of teleportation {unknown}
 A - 2 scrolls of identify {unknown}
Potions
 f - a potion of attraction {unknown}
 h - 2 potions of flight {unknown}
 k - 3 potions of curing {unknown}
 o - 2 potions of brilliance {unknown}
 t - 3 potions of heal wounds {unknown}
 u - a potion of haste {unknown}


   Skills:
 + Level 4.9 Fighting
 + Level 1.8 Short Blades
 + Level 1.8 Long Blades
 + Level 4.9 Axes
 + Level 1.8 Maces & Flails
 + Level 1.8 Polearms
 + Level 1.8 Staves
 + Level 1.8 Slings
 + Level 1.8 Bows
 + Level 1.8 Crossbows
 + Level 3.1 Throwing
 + Level 3.1 Armour
 + Level 4.9 Dodging
 + Level 1.8 Stealth
 + Level 1.8 Shields
 + Level 1.8 Unarmed Combat
 + Level 5.3 Spellcasting
 + Level 1.4 Conjurations
 + Level 1.4 Hexes
 + Level 1.4 Summonings
 + Level 1.4 Necromancy
 + Level 5.6 Translocations
 + Level 1.4 Transmutations
 + Level 1.4 Fire Magic
 + Level 1.4 Ice Magic
 + Level 1.4 Air Magic
 + Level 1.4 Earth Magic
 + Level 1.4 Poison Magic
 + Level 2.0 Invocations
 + Level 1.8 Evocations


You had 7 spell levels left.
You knew the following spells:

 Your Spells              Type           Power        Failure   Level
a - Blink                 Tloc           N/A          2%          2
b - Teleport Other        Tloc           20%          4%          3
c - Gell's Gravitas       Tloc           10%          4%          3

Your spell library contained the following spells:

 Spells                   Type           Power        Failure   Level
 Lesser Beckoning         Tloc           10%          4%          3
 Passage of Golubria      Tloc           N/A          16%         4


Dungeon Overview and Level Annotations

Branches:
Dungeon (4/15)
 Temple: D:4-7

Altars:
Ashenzari
Ru
Trog
Vehumet
The Shining One

Annotations:
D:4 Blork the orc, Dowan, Duvessa


Innate Abilities, Weirdness & Mutations

Your experience applies equally to all skills.
You have very sharp teeth.
Your uncanny sense of smell can sniff out nearby items.


Message History

You hit Duvessa but do no damage. Lightning courses through Duvessa!
You bite Duvessa, but do no damage.
Duvessa is heavily wounded.
Blork the orc gestures at himself while chanting.
Blork the orc flickers and vanishes!
Deactivating autopickup; reactivate with Ctrl-A.
Duvessa hits you but does no damage. Dowan gestures at you while chanting.
The puff of flame hits you! Dowan hits you with a cursed +0 dagger.
Duvessa hits you with a +0 short sword!
* * * LOW HITPOINT WARNING * * *
You feel sick.
Dowan gestures wildly while chanting.
Dowan blinks!
You feel sick. Something hits you.
* * * LOW HITPOINT WARNING * * *
Something hits you!
You die...

......†.........#
............†...#
#######..e......#
#.........#
#.........#
##'#.#'#.#########
#.#.#..S........#
#{#.###e#######.#
#.#.#..@....# #.#
>...#+#.###.# #.#
...... .<. #.#
............ #.#
.............# #.#
[.............#
#.#
...............+
#.# .........# #<#
###


You could see Duvessa, Dowan and an adder.

Vanquished Creatures
  A scorpion (D:4)
  Natasha (D:3)
  A worker ant (D:4)
  8 adders
  An ooze (D:3)
  A worm (D:4)
  3 dart slugs
  A leopard gecko (D:3)
  An orc (D:4)
  3 ball pythons
  3 giant cockroaches
  10 hobgoblins
  6 kobolds
  2 quokkas (D:3)
  9 bats
  3 frilled lizards
  6 goblins
  17 rats
77 creatures vanquished.

Notes
Turn   | Place    | Note
-------+----------+-------------------------------------------
     0 | D:1      | DearestLeader the Gnoll Warper began the quest for the Orb.
     0 | D:1      | Reached XP level 1. HP: 20/20 MP: 6/6
   256 | D:1      | Reached XP level 2. HP: 26/26 MP: 7/7
   379 | D:1      | Learned a level 2 spell: Blink
   629 | D:1      | Reached XP level 3. HP: 29/31 MP: 9/9
   642 | D:1      | Reached skill level 5 in Spellcasting
   669 | D:1      | Learned a level 3 spell: Teleport Other
   673 | D:1      | Learned a level 3 spell: Gell's Gravitas
   920 | D:2      | Found a glowing golden altar of the Shining One.
   992 | D:2      | Found a broken altar of Ashenzari.
  1004 | D:2      | Reached skill level 1 in Invocations
  1139 | D:2      | Reached skill level 1 in Short Blades
  1139 | D:2      | Reached skill level 1 in Long Blades
  1139 | D:2      | Reached skill level 1 in Maces & Flails
  1139 | D:2      | Reached skill level 1 in Polearms
  1139 | D:2      | Reached skill level 1 in Staves
  1139 | D:2      | Reached skill level 1 in Slings
  1139 | D:2      | Reached skill level 1 in Bows
  1139 | D:2      | Reached skill level 1 in Crossbows
  1139 | D:2      | Reached skill level 1 in Stealth
  1139 | D:2      | Reached skill level 1 in Shields
  1139 | D:2      | Reached skill level 1 in Unarmed Combat
  1139 | D:2      | Reached skill level 1 in Evocations
  1217 | D:2      | Reached XP level 4. HP: 32/38 MP: 11/11
  1247 | D:2      | Reached skill level 1 in Conjurations
  1247 | D:2      | Reached skill level 1 in Hexes
  1247 | D:2      | Reached skill level 1 in Summonings
  1247 | D:2      | Reached skill level 1 in Necromancy
  1247 | D:2      | Reached skill level 1 in Transmutations
  1247 | D:2      | Reached skill level 1 in Fire Magic
  1247 | D:2      | Reached skill level 1 in Ice Magic
  1247 | D:2      | Reached skill level 1 in Air Magic
  1247 | D:2      | Reached skill level 1 in Earth Magic
  1247 | D:2      | Reached skill level 1 in Poison Magic
  1892 | D:3      | Reached XP level 5. HP: 43/43 MP: 12/12
  2879 | D:3      | Found a radiant altar of Vehumet.
  2879 | D:3      | Found a sacrificial altar of Ru.
  2880 | D:3      | Found a bloodstained altar of Trog.
  2895 | D:3      | Noticed Natasha
  2900 | D:3      | Killed Natasha
  3205 | D:4      | Reached XP level 6. HP: 50/50 MP: 13/13
  3218 | D:4      | Noticed Dowan
  3220 | D:4      | Noticed Duvessa
  3220 | D:4      | Noticed Blork the orc
  3242 | D:4      | Slain by Blork the orc

Illustrated notes

Levels and vault maps discovered:
D:1:      heliophobic_arrival_battle_scene, layout_rooms,
          minmay_misc_feat_tower, lemuel_old_faithful
D:2:      layout_basic, ashenzari_altar_1, lemuel_coloured_pillars_altar,
          minmay_guardbox
D:3:      layout_basic, gammafunk_temple_overflow_claw, uniq_natasha
D:4:      layout_basic, old_standard_altar, uniq_duvessa, uniq_blork_the_orc

Skill      XL: |  1  2  3  4  5 |
---------------+----------------+-----
Spellcasting   | 5 |  5.3
Invocations    | 1 2 |  2.0
Short Blades   | 1 |  1.8
Long Blades    | 1 |  1.8
Maces & Flails | 1 |  1.8
Polearms       | 1 |  1.8
Staves         | 1 |  1.8
Slings         | 1 |  1.8
Bows           | 1 |  1.8
Crossbows      | 1 |  1.8
Stealth        | 1 |  1.8
Shields        | 1 |  1.8
Unarmed Combat | 1 |  1.8
Evocations     | 1 |  1.8
Conjurations   | 1 |  1.4
Hexes          | 1 |  1.4
Summonings     | 1 |  1.4
Necromancy     | 1 |  1.4
Transmutations | 1 |  1.4
Fire Magic     | 1 |  1.4
Ice Magic      | 1 |  1.4
Air Magic      | 1 |  1.4
Earth Magic    | 1 |  1.4
Poison Magic   | 1 |  1.4
Throwing       | 3 |  3.1
Armour         | 3 |  3.1
Fighting       | |  4.9
Axes           | |  4.9
Dodging        | |  4.9
Translocations | |  5.6

Action                   |  1- 3 |  4- 6 || total
-------------------------+-------+-------++-------
Melee: Hand axe          |   113 |    76 ||   189
       Bite              |    10 |    19 ||    29
       Short sword       |       |    62 ||    62
       Punch             |       |     1 ||     1
 Cast: Blink             |     1 |       ||     1
       Gell's Gravitas   |       |     2 ||     2
Armor: Leather armour    |    20 |       ||    20
       Scale mail        |     6 |    48 ||    54
       Robe              |       |     2 ||     2
Dodge: Dodged            |    83 |    87 ||   170
